Map: Triton LE

Players

InZaNe

  • Race: Terran Terran
  • Spawn Location: 11:00

Dear - Winner!

  • Race: Protoss Protoss
  • Spawn Location: 5:00

Event: IEM Katowice 2020

VOD

Have the link to the VOD?

Description

Time

  • Played on: Feb. 25, 2020, 9 a.m.
  • Length: 5:55

All games in this series

Show
View Real Time Build Order
Export as new Build Order

InZaNe Terran 

Build Orders:  

Get SALT Encoding   

  12  0:01  SCV  
  13  0:13  SCV  
  14  0:18  Supply Depot  
  14  0:27  SCV  
  15  0:41  Barracks  
  15  0:49  Barracks  
  15  0:54  Refinery  
  15  0:58  SCV  
  16  1:10  SCV  
  17  1:22  SCV  
  18  1:28  Barracks Tech Lab  
  18  1:36  Marine, Orbital Command  
  19  1:49  Marauder  
  19  1:53  Marine, Supply Depot  
  22  2:03  Concussive Shells  
  22  2:11  Marine  
  22  2:15  SCV, Marauder  
  26  2:25  Supply Depot  
  26  2:27  SCV  
  27  2:31  Barracks Reactor  
  27  2:38  Marauder  
  27  2:41  SCV  
  30  2:48  Refinery  
  30  2:53  SCV  
  31  2:59  Marauder  
  33  3:05  SCV  
  33  3:08  Marine x2  
  36  3:18  SCV  
  36  3:19  Stimpack  
  37  3:24  Supply Depot  
  37  3:29  Marine x2  
  39  3:45  Marine, SCV  
  39  3:47  Supply Depot  
  39  3:48  Marine x2  
  43  3:58  SCV  
  44  4:04  Marauder  
  44  4:06  Marine  
  44  4:08  Marine  
  44  4:09  Supply Depot  
  48  4:10  SCV  
  48  4:13  Supply Depot  
  49  4:22  SCV  
  49  4:23  Marine  
  51  4:25  Marauder  
  51  4:28  Marine  
  54  4:41  Marine  
  55  4:45  Marine  
  55  4:46  Marauder  
  58  4:55  Engineering Bay  
  58  4:59  SCV, Marine  
  55  5:03  Marine  
  56  5:08  Marauder  
  55  5:17  Marine  
  55  5:18  SCV  
  52  5:21  Marine  
  48  5:29  Marauder  
  48  5:35  Marine  
Show
View Real Time Build Order
Export as new Build Order

Dear Protoss - Winner!

Build Orders: 1 Gate Expand, Dark Templar Rush 

Get SALT Encoding   

  12  0:00  Probe  
  13  0:12  Probe  
  14  0:17  Pylon  
  14  0:24  Probe  
  15  0:35  Gateway  
  15  0:37  Probe (Chrono Boost)  
  16  0:46  Probe (Chrono Boost), Assimilator  
  17  0:51  Probe  
  18  1:03  Probe  
  19  1:15  Probe  
  20  1:22  Cybernetics Core  
  20  1:33  Nexus  
  20  1:40  Pylon  
  20  1:44  Probe  
  21  1:56  Adept (Chrono Boost)  
  21  2:01  Probe, Warp Gate  
  24  2:04  Assimilator  
  24  2:13  Probe  
  25  2:15  Shield Battery  
  25  2:16  Stalker (Chrono Boost)  
  27  2:25  Probe  
  28  2:37  Probe  
  28  2:39  Stalker (Chrono Boost)  
  31  2:46  Probe  
  31  2:47  Twilight Council  
  31  2:50  Probe  
  32  2:56  Shield Battery  
  32  3:02  Stalker (Chrono Boost)  
  34  3:10  Shield Battery  
  34  3:15  Probe x2  
  36  3:25  Dark Shrine  
  36  3:27  Probe x2  
  38  3:35  Gateway  
  38  3:40  Probe (Chrono Boost)  
  40  3:45  Probe (Chrono Boost)  
  40  3:50  Stalker  
  40  3:52  Probe (Chrono Boost)  
  40  3:53  Probe (Chrono Boost)  
  44  3:59  Pylon  
  44  4:00  Probe  
  45  4:05  Probe, Gateway  
  46  4:17  Probe, Pylon  
  46  4:22  Stalker  
  49  4:27  Shield Battery  
  49  4:30  Shield Battery  
  48  4:39  Assimilator  
  48  4:40  Dark Templar  
  48  4:41  Probe  
  48  4:42  Probe  
  52  4:49  Pylon  
  52  4:55  Dark Templar  
  52  4:57  Probe x2  
  56  5:01  Assimilator  
  56  5:09  Probe x2  
  56  5:13  Dark Templar  
  60  5:18  Gateway, Zealot  
  60  5:19  Gateway  
  62  5:32  Dark Templar  
  58  5:41  Stalker  
  53  5:48  Stalker  

Tags
 
Add a new tag
Caveats
  • Supply blocks, unpowered buildings, or Contaminate may cause inaccurate times.
  • Supply counts are checked every 10 seconds.